 Dungeon Crawl Stone Soup version 0.27.0-1-g7a089689b8 (webtiles) character file.

Game seed: 8234205170994758051

7 thirtiethelement the Skirmisher (level 1, -3/18 HPs)
             Began as a Demonspawn Abyssal Knight on Aug 9, 2021.
             Was a Follower of Lugonu.
             Killed by divine providence
             ... invoked by a smoke demon
              (12 damage)
             ... on level 2 of the Abyss.
             The game lasted 00:01:13 (113 turns).

thirtiethelement the Skirmisher (DsAK)               Turns: 113, Time: 00:01:14

Health: -3/18      AC:  3    Str: 12    XL:     1   Next: 83%
Magic:  2/2        EV: 11    Int: 13    God:    Lugonu [*.....]
Gold:   21         SH:  0    Dex: 12    Spells: 0/0 levels left

rFire    . . .     SeeInvis .   a - +1 falchion
rCold    . . .     Faith    .   (no shield)
rNeg     . . .     Spirit   .   b - +0 leather armour
rPois    .         Reflect  .   (no helmet)
rElec    .         Harm     .   (no cloak)
rCorr    .         Rampage  .   (no gloves)
Will     .....                  (no boots)
Stlth    +.........             (no amulet)
HPRegen  0.06/turn              (no ring)
MPRegen  0.08/turn              (no ring)

@: no status effects
A: no striking features
a: Renounce Religion, Depart the Abyss


You were on level 2 of the Abyss.
You worshipped Lugonu.
Lugonu was aware of your devotion.
You visited 0 branches of the dungeon, and saw 0 of its levels.
You visited the Abyss 1 time.

You collected 21 gold pieces.

Inventory:

Hand Weapons
 a - a +1 falchion (weapon)
Missiles
 d - 8 atropa-tipped darts
Armour
 b - a +0 leather armour (worn)
Wands
 c - a wand of flame (14)


   Skills:
 + Level 3.2 Fighting
 + Level 1.8 Long Blades
 + Level 1.8 Armour
 + Level 0.8 Dodging
 + Level 2.5 Invocations
 + Level 0.1 Evocations


You couldn't memorise any spells.
You didn't know any spells.
Your spell library was empty.

Dungeon Overview and Level Annotations

Branches:
Dungeon (0/15)

Altars:


Message History

Evoke which item? (* to show all) (? for menu, Esc to quit)
You don't have any such object.
Evoke which item? (* to show all) (? for menu, Esc to quit)
Okay, then.
Aiming: Throw Flame
Press: ? - help, Shift-Dir - straight line, f/p - small abomination
Aim: a small abomination (lightly damaged, 68% to hit)
The puff of flame hits the small abomination but does no damage.
The small abomination is lightly damaged.
Aiming: Throw Flame
Press: ? - help, Shift-Dir - straight line, f/p - small abomination
Aim: a small abomination (lightly damaged, 68% to hit)
The puff of flame hits the small abomination but does no damage.
The small abomination is lightly damaged.
A white imp comes into view.
Aiming: Throw Flame
Press: ? - help, Shift-Dir - straight line, f - white imp, p - small abomination
Aim: a white imp (wandering, hasn't noticed you, 68% to hit)
The puff of flame hits the white imp!
The white imp is burned terribly!
The white imp is almost dead.
The white imp shouts, "Quit, thou rank spleeny tiddler!"
The white imp summons a swarm of flies.
Aiming: Throw Flame
Press: ? - help, Shift-Dir - straight line, f/p - white imp
Aim: a white imp (almost dead, 68% to hit)
The puff of flame hits the white imp!
The white imp is burned terribly!
You kill the white imp!
A smoke demon comes into view.
Aiming: Throw Flame
Press: ? - help, Shift-Dir - straight line, f - small abomination
Aim: a small abomination (lightly damaged, 68% to hit)
The puff of flame hits the small abomination but does no damage.
The small abomination is lightly damaged.
The smoke demon roars!
The small abomination hits you!
Ouch! That really hurt!
The smoke demon gestures at you. Something smites you!
Ouch! That really hurt!
You die...

..... ....... #....
.....# ...
##...###...###...
#.....#.....#....
..................
..................
.)....3...........
.#.....#x....#....
##...###.@.## . .
#... .#.....#.. .
..................
..................
..................
..
.#.....#....[#....
. #
#...###...###...
..#.....#.....#....
.. .... .. .. . .


You could see a smoke demon and a small abomination.

Vanquished Creatures
  A white imp (Abyss:2)
1 creature vanquished.

Notes
Turn   | Place    | Note
-------+----------+-------------------------------------------
     0 | Abyss:1  | thirtiethelement the Demonspawn Abyssal Knight began the
                  | quest for the Orb.
     0 | Abyss:1  | Reached XP level 1. HP: 18/18 MP: 2/2
    22 | Abyss:1  | Found a corrupted altar of Lugonu.
   102 | Abyss:2  | Noticed a small abomination
   110 | Abyss:2  | Noticed a smoke demon
   113 | Abyss:2  | Killed from afar by a smoke demon

Illustrated notes

Levels and vault maps discovered:
Abyss:2:  base: Temple, evilmike_abyss_exit_11

Action                   || total
-------------------------++-------
Evoke: Wand              ||     8
